 Dungeon Crawl Stone Soup version 0.28.0-45-g0d030f2227 (webtiles) character file.

Game seed: 6347560398647917710

487 mortz the Conjurer (level 7, 0/42 HPs)
             Began as an Octopode Conjurer on Apr 21, 2022.
             Shot with an arrow by a centaur (13 damage)
             ... on level 4 of the Dungeon.
             The game lasted 00:24:26 (5098 turns).

mortz the Conjurer (Octopode Conjurer)              Turns: 5098, Time: 00:24:26

Health: 0/42       AC:  1    Str:  7    XL:     7   Next: 13%
Magic:  11/13      EV: 13    Int: 22    God:
Gold:   169        SH:  0    Dex: 10    Spells: 11/14 levels left

rFire   . . .      SeeInvis .   j - +4 whip {mace}
rCold   + . .      Faith    .   (no shield)
rNeg    . . .      Spirit   .   (helmet restricted)
rPois   .          Reflect  .   (no amulet)
rElec   .          Harm     .   h - ring of protection from cold
rCorr   .          Rampage  .   (no ring)
Will    .....                   (no ring)
Stlth   +++.......              (no ring)
HPRegen 0.14/turn               (no ring)
MPRegen 0.13/turn               (no ring)
                                (no ring)
                                (no ring)

@: no status effects
A: almost no armour, amphibious, 8 rings, camouflage 1, gelatinous body 1,
(nimble swimmer 1), tentacles
a: no special abilities


You were on level 4 of the Dungeon.
You visited 1 branch of the dungeon, and saw 4 of its levels.
You also visited: Sewer.

You collected 169 gold pieces.


Innate Abilities, Weirdness & Mutations

You cannot wear most types of armour.
You are amphibious.
You can wear up to eight rings at the same time.
Your skin changes colour to match your surroundings (Stealth+).
Your rubbery body absorbs attacks. (AC +1, EV +1)
((You are camouflaged when in or above water. (Stealth+)))
You have tentacles for arms and can constrict up to eight enemies at once.


   Skills:
 + Level 0.7 Fighting
 + Level 0.1(0.5) Axes
 + Level 0.8 Maces & Flails
 + Level 0.9 Throwing
 + Level 2.5 Dodging
 + Level 4.5 Stealth
 + Level 4.1 Spellcasting
 + Level 6.1 Conjurations
 * Level 0.5 Hexes


You had 11 spell levels left.
You knew the following spells:

 Your Spells              Type           Power      Damage    Failure   Level
a - Magic Dart            Conj           100%       1d8       1%          1
b - Searing Ray           Conj           62%        2d6       1%          2

Your spell library contained the following spells:

 Spells                   Type           Power      Damage    Failure   Level
 Dazzling Flash           Conj/Hex       38%        N/A       9%          3
 Blink                    Tloc           8%         N/A       17%         2
 Fulminant Prism          Conj/Hex       9%         3d7       28%         4
 Iskenderun's Mystic Bla  Conj/Tloc      17%        2d5       30%         4
 Manifold Assault         Tloc           4%         N/A       97%         5
 Malign Gateway           Summ/Tloc      2%         N/A       100%        7
 Storm Form               Tmut/Air       2%         N/A       100%        7
 Summon Horrible Things   Summ           2%         N/A       100%        8

Inventory:

Hand Weapons
 a - a +0 hand axe {axe}
   (You found it on level 1 of the Dungeon)
 j - a +4 whip (weapon) {mace}
   (You found it on level 2 of the Dungeon)
 l - a +0 dagger of venom {short}
   (You took it off Jessica on level 3 of the Dungeon)
Missiles
 i - 2 boomerangs {throwing}
 m - 6 poisoned darts {throwing}
Jewellery
 h - a ring of protection from cold (left tentacle)
   (You found it on level 1 of the Dungeon)
Wands
 n - a wand of iceblast (3)
   (You found it in a sewer)
 p - a wand of acid (14)
   (You found it on level 3 of the Dungeon)
Scrolls
 b - a scroll of teleportation {unknown}
 d - 2 scrolls of enchant armour {unknown}
 f - a scroll of noise {unknown}
 g - a scroll of vulnerability {unknown}
 k - 3 scrolls of fear
Potions
 c - 2 potions of curing {@q1}
 o - a potion of magic
 q - 2 potions of degeneration {unknown}
 s - a potion of lignification {unknown}
Miscellaneous
 r - a tin of tremorstones (2/2) {throwing}
   (You found it on level 3 of the Dungeon)

Dungeon Overview and Level Annotations

Branches:
Dungeon (4/15)              Sewer (visited)
 Temple: D:4-7

Altars:
Elyvilon
Trog
Yredelemnul
Zin

Shops:
D:4 =

Annotations:
D:3 3 runed translucent doors, Malificent's ghost, amateur BaIE

##.####......##.......###....
... ##......# .............
.. ...#...c..##.............
..........#.##...........
....####.).####..........
..###≈≈≈≈≈≈≈≈##.....###..
...#####...####....##....
...#..##[##..##.##.......
#......#@##..##.......... #.
#......#.###.(#....... ##.
##..........<.#.......
.##..##....#................
.....#...##..##.##....#....
#.......#..###..##..###...
##......##..##.###.##.#...
###....#..###.##.........
#....∩##.#...#......##..


You could see a centaur.


Message History

You take 3 damage, and now have 22/37 hp.
You lost 1 mp, and now have 8/11 mp.
The phantom misses you.
Casting: Searing Ray (safe; 1% risk of failure)
Confirm with . or Enter, or press ? or * to list all spells.
Aiming: Searing Ray (safe; 1% risk of failure)
Press: ? - help, Shift-Dir - straight line, f/p - phantom
Aim: a phantom (moderately damaged, 71% to hit)
The searing ray hits the phantom. (Press . to maintain the ray.)
The phantom misses you. 😮 MP[-2]
You lost 2 mp, and now have 6/11 mp.
The searing ray hits the phantom!
The phantom hits you.
* * * LOW HITPOINT WARNING * * *
The phantom blinks!
You blink. 😨 HP[-5] MP[-1]
You take 5 damage, and now have 17/37 hp.
You lost 1 mp, and now have 5/11 mp.
Casting: Searing Ray (safe; 1% risk of failure)
Confirm with . or Enter, or press ? or * to list all spells.
Aiming: Searing Ray (safe; 1% risk of failure)
Press: ? - help, Shift-Dir - straight line, f/p - phantom
Aim: a phantom (almost destroyed, 71% to hit)
The searing ray misses the phantom. (Press . to maintain the ray.)
The phantom barely misses you. The kobold barely misses you. 😨 MP[-2]
You lost 2 mp, and now have 3/11 mp.
The searing ray hits the phantom.
You destroy the phantom!
The kobold barely misses you.
Your Spellcasting skill increases to level 4!
You have reached level 7! 😨 HP[+3] MP[-1]
You now have 42 max hp (+5).
You regained 3 hp, and now have 20/42 hp.
The kobold closely misses you.
There is a stone staircase leading up here. 😨 MP[+1]
Casting: Searing Ray (safe; 1% risk of failure)
Confirm with . or Enter, or press ? or * to list all spells.
Aiming: Searing Ray (safe; 1% risk of failure)
Press: ? - help, Shift-Dir - straight line, f - kobold
Aim: a kobold, wielding a +0 dagger and quivering stones (74% to hit)
The searing ray misses the kobold. (Press . to maintain the ray.)
The kobold hits you with a +0 dagger.
* * * LOW HITPOINT WARNING * * *
😨 HP[-2] MP[-2]
You take 2 damage, and now have 18/42 hp.
You lost 2 mp, and now have 1/13 mp.
The searing ray hits the kobold!
You kill the kobold! 😨 MP[-1]
You lost 1 mp, and now have 0/13 mp.
You climb upwards.
Level annotation: 3 runed translucent doors, Malificent's ghost, amateur BaIE
There is a stone staircase leading down here. 😨 HP[+1]
You start resting. 😕 HP[+13] MP[+13]
You regained 13 hp, and now have 32/42 hp.
Your mp is fully restored (13).
You start resting. 😎 HP[+10]
Your hp is fully restored (42).
You climb downwards.
There is a stone staircase leading up here.
Okay, then.
Things that are here:
3 stones {throwing}; a +0 dagger {short}
There is a stone staircase leading up here.
Things that are here:
a +0 chain mail; a +0 flail {mace}; an orc skeleton
Aiming: Magic Dart (safe; 1% risk of failure)
Press: ? - help, Q - select action, (/) - cycle Shift-Dir - straight line, f - centaur
Aim: a centaur, wielding a +0 shortbow and quivering arrows (wandering, hasn't noticed you, 100% to hit)
The magic dart hits the centaur!
The centaur shoots an arrow.
The arrow hits you! 😮 HP[-15] MP[-1]
You take 15 damage, and now have 27/42 hp.
MASSIVE DAMAGE!! (PAUSE)
You lost 1 mp, and now have 12/13 mp.
Aiming: Magic Dart (safe; 1% risk of failure)
Press: ? - help, Q - select action, (/) - cycle Shift-Dir - straight line, f/p - centaur
Aim: a centaur, wielding a +0 shortbow and quivering arrows (moderately wounded, 100% to hit)
The magic dart hits the centaur.
The centaur shoots an arrow.
The arrow hits you!
* * * LOW HITPOINT WARNING * * *
The centaur shoots an arrow.
The arrow barely misses you. 😨 HP[-14] MP[-1]
You take 14 damage, and now have 13/42 hp.
MASSIVE DAMAGE!! (PAUSE)
You lost 1 mp, and now have 11/13 mp.
Things that are here:
a +0 chain mail; a +0 flail {mace}; an orc skeleton The centaur shoots an arrow.
The arrow hits you!
You die...

Skill      XL: |  1  2  3  4  5  6 |
---------------+-------------------+-----
Conjurations   | 5 6 |  6.1
Stealth        | 3 4 |  4.5
Spellcasting   | 3 4 |  4.1
Fighting       | |  0.7
Axes           | |  0.1
Maces & Flails | |  0.8
Throwing       | |  0.9
Dodging        | |  2.5
Hexes          | |  0.5

Action                   |  1- 3 |  4- 6 |  7- 9 || total
-------------------------+-------+-------+-------++-------
Melee: Hand axe          |     3 |       |       ||     3
       Whip              |     4 |     8 |       ||    12
       Constrict         |     1 |     1 |       ||     2
       Tentacles         |       |     2 |       ||     2
Throw: Dart              |       |     7 |       ||     7
 Cast: Magic Dart        |    57 |    60 |     2 ||   119
       Searing Ray       |    16 |    26 |     1 ||    43
Evoke: Wand              |       |     1 |       ||     1
  Use: Scroll            |     1 |     2 |       ||     3
Armor: Skin              |     1 |       |       ||     1
Dodge: Dodged            |    11 |    15 |     2 ||    28

Levels and vault maps discovered:
D:1:      dpeg_arrival_stonehenge_8_columns, layout_basic
D:2:      layout_loops_corners, basic_altar
D:3:      layout_rooms, kennysheep_ying_yang, zin_scriptorium,
          portal_sewer_entry_b, gammafunk_ghost_split, minmay_checkerbox,
          uniq_jessica, uniq_sigmund
D:4:      layout_cave_pools, chequers_serial_rivers_micro_a,
          minmay_shop_enchanted_jewellery

Notes
Turn   | Place    | Note
-------+----------+-------------------------------------------
     0 | D:1      | mortz the Octopode Conjurer began the quest for the Orb.
     0 | D:1      | Reached XP level 1. HP: 11/11 MP: 3/3
     0 | D:1      | magus.rc [v1.9.6]
   207 | D:1      | Reached XP level 2. HP: 17/17 MP: 1/5
   298 | D:1      | Learned a level 2 spell: Searing Ray
   354 | D:1      | You add the spells Malign Gateway and Summon Horrible
                  | Things to your library.
   461 | D:1      | HP: 4/17 [jackal (1)]
  1015 | D:1      | Reached XP level 3. HP: 21/21 MP: 2/6
  1925 | D:2      | Found a bloodstained altar of Trog.
  2268 | D:2      | Reached skill level 5 in Conjurations
  2500 | D:3      | Noticed a black bear
  2589 | D:3      | Found a runed translucent gate.
  2589 | D:3      | Found a runed translucent gate.
  2589 | D:3      | Found a runed translucent gate.
  2591 | D:3      | Noticed a sky beast
  2592 | D:3      | Noticed Malificent's ghost (amateur BaIE)
  2603 | D:3      | Reached XP level 4. HP: 27/27 MP: 2/7
  2732 | D:3      | Noticed Jessica
  2736 | D:3      | Killed Jessica
  2737 | D:3      | Reached skill level 3 in Stealth
  3019 | D:3      | Found a glowing drain.
  3026 | D:3      | Reached XP level 5. HP: 31/31 MP: 1/9
  3033 | Sewer    | Entered a sewer
  3130 | Sewer    | Noticed Pargi
  3330 | Sewer    | Killed Pargi
  3331 | Sewer    | Reached skill level 3 in Spellcasting
  3661 | D:3      | Reached XP level 6. HP: 37/37 MP: 9/11
  3802 | D:3      | Found a white marble altar of Elyvilon.
  3921 | D:3      | Noticed Sigmund
  3929 | D:3      | Killed Sigmund
  3930 | D:3      | Reached skill level 4 in Stealth
  4110 | D:3      | You add the spells Blink, Manifold Assault and Storm Form
                  | to your library.
  4132 | D:3      | Found a glowing silver altar of Zin.
  4193 | D:3      | Found a basalt altar of Yredelemnul.
  4493 | D:4      | Found Sompal's Jewellery Emporium.
  4525 | D:4      | HP: 9/37 [centaur/arrow (5)]
  4840 | D:4      | Reached skill level 6 in Conjurations
  4914 | D:4      | Reached skill level 4 in Spellcasting
  4914 | D:4      | Reached XP level 7. HP: 20/42 MP: 2/13
  5098 | D:4      | Shot with an arrow by a centaur

Vanquished Creatures
  Sigmund (D:3)
  Pargi (Sewer)
  A phantom (D:4)
  Jessica (D:3)
  3 adders
  A river rat (D:3)
  A worm (D:2)
  4 dart slugs
  3 orcs
  A ball python (D:3)
  5 bats
  11 endoplasms
  3 giant cockroaches
  4 goblins
  5 hobgoblins
  12 jackals
  11 kobolds
  2 quokkas (D:3)
  6 frilled lizards
  15 rats
91 creatures vanquished.

Table legend:
 A = Non-vault XP
 B = Vault XP
 C = Vault XP percentage of total XP
 D = Non-vault monster count
 E = Vault monster count
 F = Vault count percentage of total count
                 A         B        C        D         E       F
            +---------+---------+-------+---------+---------+-------
      Total |     277 |     419 |  60.2 |      72 |      19 |  20.9
            +---------+---------+-------+---------+---------+-------
        D:1 |      47 |       0 |   0.0 |      26 |       0 |   0.0
        D:2 |      30 |       0 |   0.0 |      16 |       0 |   0.0
        D:3 |      49 |     277 |  85.0 |      20 |      13 |  39.4
        D:4 |     151 |       0 |   0.0 |      10 |       0 |   0.0
      Sewer |       0 |     142 | 100.0 |       0 |       6 | 100.0
            +---------+---------+-------+---------+---------+-------

Illustrated notes

Table legend:
 A = Kills in this place as a percentage of kills in entire the game.
 B = Kills by you in this place as a percentage of kills by you in the entire game.
 C = Kills by friends in this place as a percentage of kills by friends in the entire game.
 D = Other kills in this place as a percentage of other kills in the entire game.
 E = Experience gained in this place as a percentage of experience gained in the entire game.
 F = Experience gained in this place divided by the number of levels of this place that you have seen.
                   A       B       C       D       E      F
               +-------+-------+-------+-------+-------+----------------------
         Total | 100.0 | 100.0 |   N/A |   N/A | 100.0 | 139.2
       Dungeon |  93.4 |  93.4 |   N/A |   N/A |  79.6 | 138.5
         Sewer |   6.6 |   6.6 |   N/A |   N/A |  20.4 | 142.0
               +-------+-------+-------+-------+-------+----------------------

Table legend: (Time is in decaauts)
 A = Elapsed time spent in this place.
 B = Non-inter-level travel time spent in this place.
 C = Inter-level travel time spent in this place.
 D = Time resting spent in this place.
 E = Time spent auto-exploring this place.
 F = Levels seen in this place.
 G = Mean time per level.
                   A        B        C        D        E       F      G
               +--------+--------+--------+--------+--------+-----+--------+
         Total |   5103 |   5009 |     94 |   1480 |   2426 |   5 | 1020.6 |
       Dungeon |   4495 |   4401 |     94 |   1216 |   2393 |   4 | 1123.8 |
         Sewer |    607 |    607 |      0 |    264 |     33 |   1 |  607.0 |
               +--------+--------+--------+--------+--------+-----+--------+

Top non-repeatable levels by time:
     D:3: 1658 daAuts
     D:1: 1398 daAuts
     D:2: 1172 daAuts
   Sewer: 607 daAuts
     D:4: 266 daAuts
